AoeStats
← TheQuietRiot

Arabia

504594110Analyzed
1v1 RM · 27d ago on Sep 5, 2026· 61m 36s· 2 players
Game mode
Random Map
Map size
Tiny (2 player)
Population
200
Speed
Normal
Resources
Standard
Victory
Conquest
Starting age
Dark Age
Ending age
Imperial Age
RankedLock teamsTeams togetherTeam positionsShared explorationLock speedFull tech treeHidden civsTurbo modeCheats
Victory
Defeat
🇺🇸 Franks · United States
947
+16
🇬🇧 Britons · United Kingdom
945
-16
TheQuietRiot
10:49 Feudal Age
11:47 Loom
12:24 Double-Bit Axe
12:47 Double-Bit Axe
15:15 Fletching
15:32 Horse Collar
19:12 Wheelbarrow
23:53 Castle Age
22:04 Stone Mining
22:38 Gold Mining
23:39 Padded Archer Armor
24:16 Light Cavalry
24:58 Husbandry
24:22 Crossbowman
25:03 Pikeman
25:56 Squires
30:08 Bodkin Arrow
30:28 Leather Archer Armor
31:05 Bow Saw
34:38 Hand Cart
37:53 Town Watch
38:29 Heavy Plow
44:32 Imperial Age
43:46 Gold Shaft Mining
43:37 Ballistics
47:11 Chemistry
46:27 Forging
46:18 Bracer
45:54 Arbalester
48:22 Conscription
50:14 Ring Archer Armor
56:34 Halberdier
59:26 Iron Casting
58:51 Scale Mail Armor
johnsnow
7:34 Loom
9:42 Feudal Age
13:59 Wheelbarrow
15:03 Padded Archer Armor
23:15 Castle Age
21:48 Scale Barding Armor
22:48 Forging
22:45 Gold Mining
24:19 Chain Barding Armor
24:07 Double-Bit Axe
24:24 Elite Skirmisher
25:10 Husbandry
27:01 Wheelbarrow
29:45 Leather Archer Armor
31:17 Iron Casting
40:50 Imperial Age
39:16 Hand Cart
39:29 Bow Saw
39:40 Town Watch
42:55 Plate Barding Armor
43:21 Blast Furnace
42:12 Fletching
43:19 Hoardings
43:05 Conscription
45:57 Cavalier
46:48 Chivalry
47:04 Town Patrol
49:43 Chemistry
49:31 Herbal Medicine
49:01 Paladin
57:36 Scale Mail Armor
59:06 Elite Throwing Axeman
Connection lost

Rejoining the realm…

Still unreachable

The connection could not be restored.

Session expired

The server has moved on; the page needs a fresh start.